 Dungeon Crawl Stone Soup version 0.29-a0-886-gfb1a3fa8b1 (webtiles) character file.

Game seed: 7124378225488221472

46 Uilleam the Insei (level 3, -3/26 HPs)
             Began as a Merfolk Transmuter on July 21, 2022.
             Was an Initiate of Yredelemnul.
             Slain by Sigmund
             ... wielding a +0 scythe
              (7 damage)
             ... on level 2 of the Dungeon.
             The game lasted 00:45:43 (1915 turns).

Uilleam the Insei (Merfolk Transmuter)              Turns: 1915, Time: 00:45:44

Health: -3/26      AC:  7    Str: 17 (18) XL:     3   Next: 66%
Magic:  6/6        EV: 10    Int: 10 (12) God:    Yredelemnul [......]
Gold:   69         SH:  0    Dex: 13 (14) Spells: 5/6 levels left

rFire   . . .      SeeInvis .     - Unarmed
rCold   . . .      Faith    .   (no shield)
rNeg    . . .      Spirit   .   i - +0 scale mail
rPois   .          Reflect  .   s - +0 helmet
rElec   .          Harm     .   (no cloak)
rCorr   .          Rampage  .   (no gloves)
Will    .....                   (no boots)
Stlth   ..........              (no amulet)
HPRegen 0.08/turn               p - +6 ring of strength
MPRegen 0.10/turn               (no ring)

@: no status effects
A: (nimble swimmer 2), mertail
a: Renounce Religion, Recall Undead Harvest


You were on level 2 of the Dungeon.
You worshipped Yredelemnul.
Yredelemnul was noncommittal.
You visited 1 branch of the dungeon, and saw 2 of its levels.

You collected 69 gold pieces.

Inventory:

Hand Weapons
 c - a +0 whip
 d - a +0 whip
 f - a +0 short sword
 h - a +0 club
 j - a +0 short sword
 k - a +0 dagger
 l - a +1 short sword
 q - a +0 dagger
 t - a +0 hand axe
Missiles
 e - 18 stones (quivered)
Armour
 a - a +0 robe
 i - a +0 scale mail (worn)
 m - a +0 plate armour
 r - a +0 robe
 s - a +0 helmet (worn)
Jewellery
 p - a +6 ring of strength (left hand)
Scrolls
 n - 2 scrolls of enchant weapon
Potions
 g - a potion of haste {unknown}


   Skills:
 + Level 1.2 Fighting
 * Level 3.5 Dodging
 * Level 3.9 Unarmed Combat
 - Level 2.2 Spellcasting
 + Level 3.3 Transmutations


You had 5 spell levels left.
You knew the following spells:

 Your Spells              Type           Power      Damage    Failure   Level
a - Beastly Appendage     Tmut           14%        N/A       28%         1

Your spell library contained the following spells:

 Spells                   Type           Power      Damage    Failure   Level
 Wereblood                Tmut           7%         N/A       38%         2
 Spider Form              Tmut/Pois      4%         N/A       86%         3
 Ice Form                 Ice/Tmut       4%         N/A       99%         4


Dungeon Overview and Level Annotations

Branches:
Dungeon (2/15)

Altars:
Yredelemnul

Annotations:
D:2 Sigmund


Innate Abilities, Weirdness & Mutations

((You are very nimble when in or above water. (Stealth+, EV+, Speed+++)))
Your lower body shifts to a powerful aquatic tail in water.


Message History

Something hits you.
* * * LOW HITPOINT WARNING * * *
You feel less confused.
Your hobgoblin zombie misses something.
Something hits you but does no damage.
Your hobgoblin zombie closely misses something.
Something hits you but does no damage.
Your hobgoblin zombie hits something but does no damage.
Your transformation is almost over.
Your hobgoblin zombie completely misses something.
A magic dart appears from out of thin air!
The magic dart hits you but does no damage.
Something hits you but does no damage.
Your hobgoblin zombie barely misses something.
Your hobgoblin zombie closely misses something.
Something hits you but does no damage.
Your hobgoblin zombie closely misses something.
As you read the scroll labelled HYXUTOCKER, it crumbles to dust.
It is a scroll of enchant weapon.
Your +0 short sword glows red for a moment.
Something hits you but does no damage.
Your hobgoblin zombie completely misses something.
You cannot move.
Throw: 21 stones
Press: ? - help, Q - select action, (/) - cycle Shift-Dir - straight line You throw a stone.
Something hits you but does no damage.
Throw: 20 stones
Press: ? - help, Q - select action, (/) - cycle Shift-Dir - straight line You throw a stone.
Your hobgoblin zombie hits something.
Throw: 19 stones
Press: ? - help, Q - select action, (/) - cycle Shift-Dir - straight line You throw a stone.
You feel less wooden.
Your +0 helmet unmelds from your body.
Your +0 scale mail unmelds from your body.
Something hits you!
You die...
Your body rises from the dead as a mindless zombie.

#.#.# #.#.# #.#.# #.#.#
##.#.## ###### #.....#
.....# #.....# .Z...#
#.....###########Z....##
#...>........Z@){.......
#.....###########.....##
#.....# .....# ###.....#
.....# ........#####
..#### ^...........# ..#
............# ..#
............# ..#
#############


You could see a friendly goblin zombie and a friendly hobgoblin zombie.

Vanquished Creatures
  Robin (D:2)
  A dart slug (D:1)
  5 endoplasms
  9 goblins
  6 hobgoblins
  A ball python (D:1)
  A bat (D:2)
  A frilled lizard (D:1)
  4 kobolds (D:1)
  2 rats (D:1)
31 creatures vanquished.

Vanquished Creatures (others)
  A bat zombie (D:2)
  4 goblin zombies (D:2)
  A hobgoblin zombie (D:2)
6 creatures vanquished.

Grand Total: 37 creatures vanquished

Notes
Turn   | Place    | Note
-------+----------+-------------------------------------------
     0 | D:1      | Uilleam the Merfolk Transmuter began the quest for the Orb.
     0 | D:1      | Reached XP level 1. HP: 15/15 MP: 3/3
   275 | D:1      | Reached XP level 2. HP: 15/21 MP: 3/5
  1336 | D:1      | Found a basalt altar of Yredelemnul.
  1344 | D:1      | Became a worshipper of Yredelemnul the Dark
  1849 | D:2      | Noticed Robin
  1863 | D:2      | Reached XP level 3. HP: 20/26 MP: 6/6
  1863 | D:2      | Reached * piety under Yredelemnul
  1886 | D:2      | Noticed Sigmund
  1889 | D:2      | Killed Robin
  1915 | D:2      | Slain by Sigmund

Illustrated notes

Levels and vault maps discovered:
D:1:      dpeg_arrival_water_altar, layout_basic, minmay_misc_feat_rugged
D:2:      layout_basic, shapermc_ecumenical_altar_venn,
          kennysheep_generic_room_7, uniq_sigmund, uniq_robin

Skill      XL: |  1  2 |
---------------+-------+-----
Dodging        | 3 |  3.5
Transmutations | 3 |  3.3
Fighting       | |  1.2
Unarmed Combat | |  3.9
Spellcasting   | |  2.2

Action                   || total
-------------------------++-------
Melee: Whip              ||    46
       Unarmed           ||    41
       Headbutt          ||     8
       Punch             ||     3
Throw: Stone             ||     3
 Cast: Beastly Appendage ||    17
  Use: Potion            ||     2
       Scroll            ||     1
Armor: Scale mail        ||    23
       Plate armour      ||    10
       Skin              ||    16
Dodge: Dodged            ||    27

Table legend: (Time is in decaauts)
 A = Elapsed time spent in this place.
 B = Non-inter-level travel time spent in this place.
 C = Inter-level travel time spent in this place.
 D = Time resting spent in this place.
 E = Time spent auto-exploring this place.
 F = Levels seen in this place.
 G = Mean time per level.
                   A        B        C        D        E       F      G
               +--------+--------+--------+--------+--------+-----+--------+
         Total |   1908 |   1495 |    413 |      0 |    215 |   2 |  954.0 |
       Dungeon |   1908 |   1495 |    413 |      0 |    215 |   2 |  954.0 |
               +--------+--------+--------+--------+--------+-----+--------+

Top non-repeatable levels by time:
     D:1: 1436 daAuts
     D:2: 471 daAuts
